 Dungeon Crawl Stone Soup version 0.30-a0-297-g0ec75d9ef4 (webtiles) character file.

Game seed: 10254876117057078624

23 plokij the Shield-Bearer (level 2, -1/27 HPs)
             Began as a Minotaur Fighter on Oct 19, 2022.
             Was a Follower of Makhleb.
             Frozen to death by an endoplasm (2 damage)
             ... on level 2 of the Dungeon.
             The game lasted 00:02:11 (231 turns).

plokij the Shield-Bearer (Minotaur Fighter)          Turns: 231, Time: 00:02:12

Health: -1/27      AC:  7    Str: 20    XL:     2   Next: 72%
Magic:  1/1        EV:  9    Int:  5    God:    Makhleb [*.....]
Gold:   26         SH:  4    Dex:  9    Spells: 1/1 levels left

rFire   . . .      SeeInvis .    a - +0 long sword
rCold   . . .      Faith    .    c - +0 buckler
rNeg    . . .      Spirit   .    b - +0 scale mail
rPois   .          Reflect  .    (helmet restricted)
rElec   .          Harm     .    (no cloak)
rCorr   .          Rampage  .    (no gloves)
Will    .....                    (no boots)
Stlth   ..........               (no amulet)
HPRegen 0.24/turn                (no ring)
MPRegen 0.07/turn                (no ring)

@: no status effects
A: horns 2, retaliatory headbutt
a: Renounce Religion


You were on level 2 of the Dungeon.
You worshipped Makhleb.
Makhleb was aware of your devotion.
You visited 1 branch of the dungeon, and saw 2 of its levels.

You collected 26 gold pieces.

Inventory:

Hand Weapons
 a - a +0 long sword (weapon)
Armour
 b - a +0 scale mail (worn)
 c - a +0 buckler (worn)
Scrolls
 e - a scroll of noise {unknown}
 f - 2 scrolls of immolation
Potions
 d - a potion of might
 g - a potion of ambrosia {unknown}


   Skills:
 + Level 3.9 Fighting
 * Level 3.1 Long Blades
 + Level 3.9 Armour
 + Level 3.9 Shields


You had one spell level left.
You didn't know any spells.
Your spell library was empty.

Dungeon Overview and Level Annotations

Branches:
Dungeon (2/15)

Altars:
Makhleb


Innate Abilities, Weirdness & Mutations

You have a pair of horns on your head.
You reflexively headbutt those who attack you in melee.


Message History

The jackal bites you. The bat completely misses you. The bat barely misses you.
Found a scroll labelled HIUMOC TIRR.
The bat closely misses you. The bat hits you but does no damage.
You slash the bat!
You kill the bat!
Makhleb accepts your kill. The jackal barely misses you.
The jackal bites you but does no damage.
You hit the rat but do no damage.
The jackal bites you but does no damage.
The rat bites you but does no damage. The endoplasm barely misses you.
The jackal barely misses you. You furiously retaliate!
You headbutt the jackal!
You kill the jackal!
Makhleb accepts your kill.
You feel better.
You barely miss the rat. You headbutt the rat.
You kill the rat!
Makhleb accepts your kill. The endoplasm freezes you.
You are frozen.
The endoplasm freezes you.
You are frozen.
The endoplasm freezes you.
You are frozen.
* * * LOW HITPOINT WARNING * * *
The endoplasm misses you. You furiously retaliate!
You headbutt the endoplasm. You hit the dart slug.
The dart slug is moderately wounded.
The dart slug bites you but does no damage.
The endoplasm hits you but does no damage.
The endoplasm freezes you.
You are frozen.
* * * LOW HITPOINT WARNING * * *
The endoplasm hits you but does no damage.
You hit the dart slug. You headbutt the dart slug.
The dart slug is severely wounded.
The endoplasm freezes you.
You are frozen.
You die...

.. .............### ..>
.............## ...#
.............##
......####............#
...##.................#
......................##
...#####..............?#
...# ####......wJ......#
J..###.........J@......#
.....(....#....J.......#
.........##............#
..?...#####..?.........#
....### ##.......#####
....# ##.....## .####
####### ##


You could see a dart slug and 3 endoplasms.

Vanquished Creatures
  A dart slug (D:1)
  An endoplasm (D:1)
  2 hobgoblins (D:1)
  6 jackals
  A quokka (D:1)
  2 ball pythons (D:1)
  A bat (D:2)
  A frilled lizard (D:1)
  A goblin (D:1)
  2 kobolds (D:1)
  A rat (D:2)
19 creatures vanquished.

Notes
Turn   | Place    | Note
-------+----------+-------------------------------------------
     0 | D:1      | plokij the Minotaur Fighter began the quest for the Orb.
     0 | D:1      | Reached XP level 1. HP: 19/19 MP: 0/0
    36 | D:1      | Found a faded altar of an unknown god.
    45 | D:1      | Prayed at the altar of an unknown god.
    45 | D:1      | Became a worshipper of Makhleb the Destroyer
    45 | D:1      | Reached * piety under Makhleb
   114 | D:1      | Reached XP level 2. HP: 23/27 MP: 1/1
   230 | D:2      | HP: 1/27 [frozen (5)]
   231 | D:2      | Frozen to death by an endoplasm

Illustrated notes

Levels and vault maps discovered:
D:1:      enne_arrival_octagon_isle, layout_basic,
          hellmonk_ecumenical_altar_blasted
D:2:      layout_rooms, st_stairs_14, uniq_natasha

Skill      XL: |  1  2 |
---------------+-------+-----
Long Blades    | 3 |  3.1
Fighting       | |  3.9
Armour         | |  3.9
Shields        | |  3.9

Action                   || total
-------------------------++-------
Melee: Long sword        ||    28
       Headbutt          ||     4
Armor: Scale mail        ||    55
Dodge: Dodged            ||    56
Block: Buckler           ||    18

Table legend: (Time is in decaauts)
 A = Elapsed time spent in this place.
 B = Non-inter-level travel time spent in this place.
 C = Inter-level travel time spent in this place.
 D = Time resting spent in this place.
 E = Time spent auto-exploring this place.
 F = Levels seen in this place.
 G = Mean time per level.
                   A        B        C        D        E       F      G
               +--------+--------+--------+--------+--------+-----+--------+
         Total |    239 |    202 |     37 |      0 |     76 |   2 |  119.5 |
       Dungeon |    239 |    202 |     37 |      0 |     76 |   2 |  119.5 |
               +--------+--------+--------+--------+--------+-----+--------+

Top non-repeatable levels by time:
     D:1: 213 daAuts
     D:2: 26 daAuts
